 Dungeon Crawl Stone Soup version 0.26.1-2-gb8aa6d0cf2 (webtiles) character file.

Game seed: 11784245152210833164

5570 jlumianski the Magician (level 10, -13/79 HPs)
             Began as a Gnoll Warper on Mar 26, 2021.
             Was a Believer of Yredelemnul.
             Mangled by a manticore (18 damage)
             ... on level 11 of the Dungeon.
             The game lasted 00:59:28 (12991 turns).

jlumianski the Magician (Gnoll Warper)             Turns: 12991, Time: 00:59:29

Health: -13/79     AC: 10    Str: 15    XL:     10   Next: 72%
Magic:  29/30      EV: 16    Int: 18    God:    Yredelemnul [**....]
Gold:   631        SH:  5    Dex: 14    Spells: 10/24 levels left

rFire    + . .     SeeInvis .   C - +4 quarterstaff (chaos)
rCold    . . .     Faith    .   (shield currently unavailable)
rNeg     . . .     Spirit   .   x - +2 leather armour {rC+}
rPois    +         Reflect  +   (no helmet)
rElec    .         Harm     .   D - +1 cloak {rPois}
rCorr    .         Rampage  .   o - +0 pair of gloves
Will     .....                  t - +0 pair of boots
Stlth    +++.......             T - amulet of reflection
HPRegen  0.23/turn              J - ring of fire
MPRegen  0.22/turn              M - ring of magical power

@: injury mirror, barbed spikes
A: distributed training, fangs 1, strong nose
a: Renounce Religion, Animate Remains, Recall Undead Slaves, Injury Mirror


You were on level 11 of the Dungeon.
You worshipped Yredelemnul.
Yredelemnul was pleased with you.
You visited 2 branches of the dungeon, and saw 12 of its levels.
You also visited: Sewer.

You collected 631 gold pieces.

Inventory:

Hand Weapons
 y - a +0 hunting sling
 C - a +4 quarterstaff of chaos (weapon)
 F - a cursed +0 war axe
 H - the +2 long sword "Nohocuytoy" {holy, Will+ Str+5 Int+3}
   (You found it on level 9 of the Dungeon)

   It has been blessed by the Shining One to cause great damage to the undead
   and demons.
   It affects your strength (+5).
   It affects your intelligence (+3).
   It affects your willpower, your defense against some magical effects.
   Yredelemnul disapproves of the use of such an item.
 K - a +0 war axe of freezing
 P - a +0 vorpal scimitar
 R - a +3 mace of freezing
 S - a +2 vampiric hand axe
 U - a +0 hand crossbow
Missiles
 b - 5 boomerangs
 c - 283 stones
 e - 5 boomerangs of dispersal
 k - 109 sling bullets
 m - 60 bolts
 q - 21 poisoned darts (quivered)
 B - a throwing net
Armour
 n - a +0 ring mail
 o - a +0 pair of gloves (worn)
 t - a +0 pair of boots (worn)
 x - a +2 leather armour of cold resistance (worn)
 D - a +1 cloak of poison resistance (worn)
 Q - +0 steam dragon scales
Jewellery
 J - a ring of fire (left hand)
 M - a ring of magical power (right hand)
 T - an amulet of reflection (around neck)
Wands
 a - a wand of digging (3)
 A - a wand of paralysis (6)
 Y - a wand of polymorph (9)
Scrolls
 d - 3 scrolls of blinking
 g - 3 scrolls of amnesia
 h - 10 scrolls of identify
 r - 2 scrolls of fear
 s - 6 scrolls of teleportation
 v - a scroll of fog
 I - 2 scrolls of remove curse
 L - a scroll of random uselessness {unknown}
 O - a scroll of immolation {unknown}
 W - 3 scrolls of noise {unknown}
 X - a scroll of acquirement {unknown}
Potions
 f - 3 potions of heal wounds
 i - 5 potions of magic
 j - 4 potions of haste
 l - a potion of curing
 p - a potion of attraction
 u - a potion of might
 w - a potion of invisibility {unknown}
 z - 2 potions of flight
 E - a potion of lignification {unknown}
 N - a potion of brilliance {unknown}
 V - a potion of ambrosia {unknown}


   Skills:
 + Level 7.3 Fighting
 + Level 5.5 Short Blades
 + Level 5.5 Long Blades
 + Level 7.3 Axes
 + Level 5.5 Maces & Flails
 + Level 5.5 Polearms
 + Level 5.5 Staves
 + Level 5.5 Slings
 + Level 5.5 Bows
 + Level 5.5 Crossbows
 + Level 6.2 Throwing
 + Level 6.2 Armour
 + Level 7.3 Dodging
 + Level 5.5 Stealth
 + Level 5.5 Shields
 + Level 5.5 Unarmed Combat
 + Level 7.5 Spellcasting
 + Level 4.5 Conjurations
 + Level 4.5 Hexes
 + Level 4.5 Summonings
 + Level 4.5 Necromancy
 + Level 7.2 Translocations
 + Level 4.5 Transmutations
 + Level 4.5 Fire Magic
 + Level 4.5 Ice Magic
 + Level 4.5 Air Magic
 + Level 4.5 Earth Magic
 + Level 4.5 Poison Magic
 + Level 6.1 Invocations
 + Level 5.5 Evocations


You had 10 spell levels left.
You knew the following spells:

 Your Spells              Type           Power        Failure   Level
a - Blink                 Tloc           N/A          1%          2
b - Gell's Gravitas       Tloc           16%          1%          3
c - Teleport Other        Tloc           32%          1%          3
d - Frozen Ramparts       Ice            46%          5%          3
e - Ozocubu's Armour      Ice            23%          5%          3

Your spell library contained the following spells:

 Spells                   Type           Power        Failure   Level
 Freeze                   Ice            92%          1%          1
 Magic Dart               Conj           92%          1%          1
 Lesser Beckoning         Tloc           16%          1%          3
 Searing Ray              Conj           46%          2%          2
 Dazzling Flash           Conj/Hex       46%          5%          3
 Passage of Golubria      Tloc           N/A          6%          4
 Iskenderun's Mystic Bla  Conj/Tloc      28%          11%         4
 Fulminant Prism          Conj/Hex       11%          19%         4
 Hailstorm                Conj/Ice       23%          19%         4
 Summon Ice Beast         Ice/Summ       23%          19%         4


Dungeon Overview and Level Annotations

Branches:
Dungeon (10/15)            Temple (1/1) D:6            Lair (0/6) D:10
  Sewer (visited)
    Orc: D:9-12

Altars:
Ashenzari
Dithmenos
Kikubaaqudgha
Sif Muna
Uskayaw
Vehumet
Wu Jian
Yredelemnul

Portals:
Trove: D:10 (give +4 fire dragon scales)

Annotations:
D:7 Harold


Innate Abilities, Weirdness & Mutations

Your experience applies equally to all skills.
You have very sharp teeth.
Your uncanny sense of smell can sniff out nearby items.


Message History

You thump the manticore!
The manticore goes berserk!
The manticore is lightly wounded.
The manticore misses you. The manticore closely misses you.
The manticore misses you. The cyan ugly thing headbutts you!
The cyan ugly thing shocks you!
* * * LOW HITPOINT WARNING * * *
Yredelemnul mirrors your injury!
The cyan ugly thing is heavily wounded.
You hit the cyan ugly thing.
The cyan ugly thing looks as sick as possible!
You bite the cyan ugly thing, but do no damage.
The cyan ugly thing is heavily wounded.
The manticore bites you!
* * * LOW HITPOINT WARNING * * *
Yredelemnul mirrors your injury!
The manticore is moderately wounded.
The manticore barely misses you. The manticore completely misses you.
The manticore bites you!!
You die...
Your body rises from the dead as a mindless zombie.

*,* **.,.,,,,,,,,***,,* *,*
***.#.,*,,*.,,,,,,** ***,***
*,,...***,..,,*****
,,,,,,***,*#.#**,..*,,* ****
,,,,,,*,,,*#.###.#,#,,*# *,,,
^,,,,,*,***#.....#.#,..# *,<,
,,,.,,*,* #..####.#...# ****,,,
,,,...*,####..##.......#***,,,,,,
,,,....$#......u@..#*,,,,,,,,,,,,
,,,............H###.....,*****,,,
,,,....#.......##*,,*...** *,,,
,,,.....###........**,,#*********
,,*,###,,,#.........,,,,,,,,,,,,,
*,,,*****.........##*,,,,,,,,,,,,
,,*,,,,<....#.###...,,,,,,,,,,,,,
,,,,,,,........,*####∆,,,,,,,,,>,
,*,,***##.#...#F,,,,,,,,,,,,,,,,,


You could see a cyan ugly thing (extremely poisoned) and a manticore (berserk).

Vanquished Creatures
  Pikel (D:7)
  Maggie (D:6)
  A hornet (D:10)
  4 yaks (D:10)
  Grum (D:8)
  A water moccasin (D:9)
  An orc warrior (D:10)
  An ice beast (D:7)
  2 black bears
  An eye of draining (D:10)
  5 ogres
  2 phantoms
  2 sky beasts
  2 wolves (D:8)
  3 centaurs
  2 lemures (D:7)
  2 big kobolds
  3 bullfrogs
  A scorpion (D:6)
  7 wights
  2 howler monkeys
  2 bullfrog zombies
  A quasit (D:8)
  4 hounds
  Crazy Yiuf (D:3)
  A bullfrog skeleton (D:6)
  A jelly (D:9)
  Natasha (twice) (D:2)
  An iguana (D:8)
  6 orc wizards
  8 worker ants
  A killer bee zombie (D:8)
  A hound skeleton (D:10)
  A hound zombie (D:5)
  A worker ant zombie (D:6)
  A howler monkey skeleton (D:9)
  4 river rats (Sewer)
  10 adders
  A shadow imp (D:5)
  2 white imps
  2 ufetubi
  An ooze (D:1)
  An adder skeleton (D:4)
  5 worms
  A dart slug (D:1)
  5 leopard geckos
  35 orcs
  6 ball pythons
  10 bats
  7 giant cockroaches
  3 goblins
  8 hobgoblins
  5 jackals
  14 kobolds
  An ogre zombie (D:10)
  7 quokkas
  A centaur zombie (D:10)
  8 frilled lizards
  A leopard gecko skeleton (D:7)
  A leopard gecko zombie (D:6)
  21 rats
237 creatures vanquished.

Vanquished Creatures (collateral kills)
  A wraith (D:10)
  A yak (D:10)
  A bullfrog (D:10)
  A jelly (D:8)
  A shadow imp (D:10)
  A kobold (D:8)
  2 quokkas (D:10)
  An orc zombie (D:10)
9 creatures vanquished.

Vanquished Creatures (others)
  A kobold zombie (D:8)
  5 orc zombies
  5 fungi (D:3)
11 creatures vanquished.

Grand Total: 257 creatures vanquished

Notes
Turn   | Place    | Note
-------+----------+-------------------------------------------
     0 | D:1      | jlumianski the Gnoll Warper began the quest for the Orb.
     0 | D:1      | Reached XP level 1. HP: 20/20 MP: 6/6
   335 | D:1      | Reached XP level 2. HP: 22/26 MP: 7/7
   413 | D:1      | HP: 1/26 [poisoned by an adder]
   750 | D:1      | Reached skill level 5 in Spellcasting
   750 | D:1      | Reached XP level 3. HP: 24/31 MP: 7/9
   765 | D:1      | Learned a level 2 spell: Blink
   769 | D:1      | Learned a level 3 spell: Gell's Gravitas
  1110 | D:1      | Reached skill level 1 in Invocations
  1838 | D:2      | Learned a level 3 spell: Teleport Other
  1966 | D:2      | Reached skill level 1 in Short Blades
  1966 | D:2      | Reached skill level 1 in Long Blades
  1966 | D:2      | Reached skill level 1 in Maces & Flails
  1966 | D:2      | Reached skill level 1 in Polearms
  1966 | D:2      | Reached skill level 1 in Staves
  1966 | D:2      | Reached skill level 1 in Slings
  1966 | D:2      | Reached skill level 1 in Bows
  1966 | D:2      | Reached skill level 1 in Crossbows
  1966 | D:2      | Reached skill level 1 in Stealth
  1966 | D:2      | Reached skill level 1 in Shields
  1966 | D:2      | Reached skill level 1 in Unarmed Combat
  1966 | D:2      | Reached skill level 1 in Evocations
  2205 | D:2      | Reached XP level 4. HP: 36/38 MP: 11/11
  2394 | D:2      | Noticed Natasha
  2410 | D:2      | Killed Natasha
  2411 | D:2      | Reached skill level 1 in Conjurations
  2411 | D:2      | Reached skill level 1 in Hexes
  2411 | D:2      | Reached skill level 1 in Summonings
  2411 | D:2      | Reached skill level 1 in Necromancy
  2411 | D:2      | Reached skill level 1 in Transmutations
  2411 | D:2      | Reached skill level 1 in Fire Magic
  2411 | D:2      | Reached skill level 1 in Ice Magic
  2411 | D:2      | Reached skill level 1 in Air Magic
  2411 | D:2      | Reached skill level 1 in Earth Magic
  2411 | D:2      | Reached skill level 1 in Poison Magic
  2599 | D:3      | Found a glowing drain.
  2614 | D:3      | Reached XP level 5. HP: 37/43 MP: 12/12
  2661 | Sewer    | Entered a sewer
  4055 | D:2      | Noticed Natasha
  4070 | D:2      | Killed Natasha
  4082 | D:2      | Reached XP level 6. HP: 28/50 MP: 13/13
  4758 | D:3      | Found a runed translucent door.
  4759 | D:3      | Noticed Crazy Yiuf
  4789 | D:3      | Killed Crazy Yiuf
  4790 | D:3      | Reached skill level 5 in Fighting
  4790 | D:3      | Reached skill level 5 in Axes
  4790 | D:3      | Reached skill level 5 in Dodging
  5358 | D:3      | Found an ancient bone altar of Kikubaaqudgha.
  5703 | D:5      | Entered Level 5 of the Dungeon
  6057 | D:4      | Noticed a phantom
  6066 | D:4      | Killed a phantom
  6067 | D:4      | Reached XP level 7. HP: 41/56 MP: 15/15
  6515 | D:4      | Found a shimmering blue altar of Sif Muna.
  6535 | D:4      | Found a broken altar of Ashenzari.
  7138 | D:5      | Reached XP level 8. HP: 45/63 MP: 15/16
  7918 | D:6      | Found a staircase to the Ecumenical Temple.
  7930 | Temple   | Entered the Ecumenical Temple
  7966 | Temple   | Became a worshipper of Yredelemnul the Dark
  8033 | D:6      | Learned a level 3 spell: Frozen Ramparts
  8397 | D:6      | Noticed Maggie
  8411 | D:6      | Killed Maggie
  8412 | D:6      | Reached XP level 9. HP: 54/69 MP: 18/18
  9079 | D:7      | Reached * piety under Yredelemnul
  9080 | D:7      | Reached skill level 5 in Throwing
  9080 | D:7      | Reached skill level 5 in Armour
  9401 | D:7      | Noticed Harold
  9947 | D:7      | Noticed Pikel
  9993 | D:7      | Killed Pikel
  9994 | D:7      | Reached skill level 5 in Invocations
 10103 | D:7      | Found a hide-covered altar of Uskayaw.
 10385 | D:9      | Got a slimy long sword
 10386 | D:9      | Identified the cursed +2 long sword "Nohocuytoy" {holy,
                  | Will+ Str+5 Int+3} (You found it on level 9 of the Dungeon)
 10945 | D:8      | Reached XP level 10. HP: 77/77 MP: 20/20
 11143 | D:8      | Noticed Grum
 11158 | D:8      | Killed Grum
 11159 | D:8      | Reached skill level 5 in Short Blades
 11159 | D:8      | Reached skill level 5 in Long Blades
 11159 | D:8      | Reached skill level 5 in Maces & Flails
 11159 | D:8      | Reached skill level 5 in Polearms
 11159 | D:8      | Reached skill level 5 in Staves
 11159 | D:8      | Reached skill level 5 in Slings
 11159 | D:8      | Reached skill level 5 in Bows
 11159 | D:8      | Reached skill level 5 in Crossbows
 11159 | D:8      | Reached skill level 5 in Stealth
 11159 | D:8      | Reached skill level 5 in Shields
 11159 | D:8      | Reached skill level 5 in Unarmed Combat
 11159 | D:8      | Reached skill level 5 in Evocations
 12048 | D:8      | Learned a level 3 spell: Ozocubu's Armour
 12180 | D:10     | Entered Level 10 of the Dungeon
 12185 | D:10     | Reached ** piety under Yredelemnul
 12492 | D:10     | Found a portal to a secret trove of treasure.
 12915 | D:10     | Found a staircase to the Lair.
 12974 | D:10     | You fall into a shaft and drop 1 floor!
 12975 | D:11     | Noticed a cyan ugly thing
 12975 | D:11     | Noticed a manticore
 12991 | D:11     | Mangled by a manticore

Illustrated notes

Levels and vault maps discovered:
D:1:      erik_arrival_cave_to_civilisation [erik_arrival_cave_to_hall],
          layout_basic, minmay_fountain_box, minivault_23, serial_bayou_crossing
D:2:      layout_basic, uniq_natasha
D:3:      layout_loops_ring, marbit_many_paths, portal_sewer_entry_a,
          minmay_misc_feat_tiny, roderic_roman_lattice, uniq_crazy_yiuf_cottage
D:4:      layout_loops_corners, amethyst_overflow_temple_binary
D:5:      layout_rooms
D:6:      layout_loops_corners, minmay_temple_entry_ruins, uniq_maggie
D:7:      layout_rooms, lemuel_round_altar, uniq_harold, uniq_pikel
D:8:      layout_basic, uniq_grum
D:9:      layout_cave_pools, minmay_door_square, hangedman_decor_opposing,
          hangedman_glass_teeth
D:10:     layout_basic, lair_entry_dummy, nicolae_trove_entry_free_sample
D:11:     layout_rooms, uniq_nergalle
Temple:   dpeg_five_rooms_temple

Skill      XL: |  1  2  3  4  5  6  7  8  9 10 |
---------------+-------------------------------+-----
Spellcasting   | 5 6 7 |  7.5
Invocations    | 1 2 3 4 5 6 |  6.1
Short Blades   | 1 2 3 4 5 |  5.5
Long Blades    | 1 2 3 4 5 |  5.5
Maces & Flails | 1 2 3 4 5 |  5.5
Polearms       | 1 2 3 4 5 |  5.5
Staves         | 1 2 3 4 5 |  5.5
Slings         | 1 2 3 4 5 |  5.5
Bows           | 1 2 3 4 5 |  5.5
Crossbows      | 1 2 3 4 5 |  5.5
Stealth        | 1 2 3 4 5 |  5.5
Shields        | 1 2 3 4 5 |  5.5
Unarmed Combat | 1 2 3 4 5 |  5.5
Evocations     | 1 2 3 4 5 |  5.5
Conjurations   | 1 2 3 4 |  4.5
Hexes          | 1 2 3 4 |  4.5
Summonings     | 1 2 3 4 |  4.5
Necromancy     | 1 2 3 4 |  4.5
Transmutations | 1 2 3 4 |  4.5
Fire Magic     | 1 2 3 4 |  4.5
Ice Magic      | 1 2 3 4 |  4.5
Air Magic      | 1 2 3 4 |  4.5
Earth Magic    | 1 2 3 4 |  4.5
Poison Magic   | 1 2 3 4 |  4.5
Throwing       | 3 4 5 6 |  6.2
Armour         | 3 4 5 6 |  6.2
Fighting       | 5 6 7 |  7.3
Axes           | 5 6 7 |  7.3
Dodging        | 5 6 7 |  7.3
Translocations | 6 7 |  7.2

Action                   |  1- 3 |  4- 6 |  7- 9 | 10-12 || total
-------------------------+-------+-------+-------+-------++-------
Melee: Hand axe          |   124 |   262 |   142 |    46 ||   574
       Bite              |    11 |    34 |    27 |    19 ||    91
       Punch             |       |     2 |     3 |     2 ||     7
       Quarterstaff      |       |    41 |   145 |   127 ||   313
 Fire: Hunting sling     |       |     3 |     3 |       ||     6
Throw: Stone             |    20 |     9 |     5 |       ||    34
       Dart              |       |       |     8 |     2 ||    10
 Cast: Gell's Gravitas   |     1 |     5 |    14 |     8 ||    28
       Blink             |       |     1 |     2 |       ||     3
       Frozen Ramparts   |       |       |     9 |     2 ||    11
       Ozocubu's Armour  |       |       |       |     3 ||     3
Invok: Animate Remains   |       |       |     4 |    22 ||    26
       Injury Mirror     |       |       |       |     1 ||     1
       Recall Undead Sla |       |       |       |     1 ||     1
  Use: Potion            |     2 |     5 |     2 |     1 ||    10
       Scroll            |       |     7 |     8 |     1 ||    16
 Stab: Sleeping          |     1 |     2 |     2 |     4 ||     9
       Distracted        |       |     1 |       |     1 ||     2
       Paralysed         |       |       |     1 |     1 ||     2
       Confused          |       |       |       |     1 ||     1
       Petrifying        |       |       |       |     1 ||     1
Armor: Leather armour    |    32 |    28 |    91 |    66 ||   217
       Ring mail         |       |    46 |       |       ||    46
Dodge: Dodged            |   101 |   200 |   206 |   172 ||   679
Block: Other             |       |       |    24 |    46 ||    70
       Reflection        |       |       |     1 |       ||     1
